| TOP OF THE 1ST |
|
Chicago White Sox batting - Pitching for Los Angeles Dodgers : RHP Florentin Eliade
|
|
Pitching: RHP Florentin Eliade
|
|
|
Batting: RHB Glen Wilkins
|
0-0: Ground out 6-3 (Groundball, 6, EV 89.4 MPH)
|
|
Batting: LHB Jace Peterson
|
0-0: Ball 1-0: Called Strike 1-1: Foul Ball, location: 3F 1-2: Foul Ball, location: 3FF 1-2: Ball 2-2: Ball 3-2: Ground out U3 (Groundball, 3, EV 101.9 MPH)
|
|
Batting: LHB António García
|
0-0: Ball 1-0: Foul Ball, location: 2F 1-1: Ball 2-1: Called Strike 2-2: Reached on error, E5 (Groundball, 6S, EV 90.0 MPH)
|
|
Batting: LHB Ji-man Choi
|
0-0: Ball 1-0: Fly out, F7 (Flyball, 7D, EV 98.8 MPH)
|
| Top of the 1st over - 0 runs, 0 hits, 1 error, 1 left on base; Chicago 0 - Los Angeles 0 |
| BOTTOM OF THE 1ST |
|
Los Angeles Dodgers batting - Pitching for Chicago White Sox : RHP Chris Fletcher
|
|
Pitching: RHP Chris Fletcher
|
|
|
Batting: LHB Todd McDonald
|
0-0: Ball 1-0: Swinging Strike 1-1: Ball 2-1: Swinging Strike 2-2: Ball 3-2: Fly out, F8 (Line Drive, 8LD, EV 87.5 MPH)
|
|
Batting: RHB Dan Fletcher
|
0-0: Ball 1-0: Foul Ball, location: 2F 1-1: Foul Ball, location: 7LSF 1-2: Strikes out swinging
|
|
Batting: LHB Juan Mendoza
|
0-0: Ball 1-0: Fly out, F8 (Flyball, 8RXD, EV 101.9 MPH)
|
| Bottom of the 1st over - 0 runs, 0 hits, 0 errors, 0 left on base; Chicago 0 - Los Angeles 0 |
| TOP OF THE 2ND |
|
Chicago White Sox batting - Pitching for Los Angeles Dodgers : RHP Florentin Eliade
|
|
Batting: RHB Byron Buxton
|
0-0: Ball 1-0: Ball 2-0: Foul Ball, location: 9LDF 2-1: Ball 3-1: Ground out 6-3 (Groundball, P, EV 83.1 MPH)
|
|
Batting: SHB Mike Hurt
|
0-0: Ball 1-0: Ground out 4-3 (Groundball, 4, EV 103.1 MPH)
|
|
Batting: RHB Wendell Rijo
|
0-0: Ball 1-0: Ball 2-0: Foul Ball, location: 23F 2-1: Called Strike 2-2: Fly out, F6 (Popup, 6MD, EV 49.4 MPH)
|
| Top of the 2nd over - 0 runs, 0 hits, 0 errors, 0 left on base; Chicago 0 - Los Angeles 0 |
| BOTTOM OF THE 2ND |
|
Los Angeles Dodgers batting - Pitching for Chicago White Sox : RHP Chris Fletcher
|
|
Batting: RHB Nick Castellanos
|
0-0: Ball 1-0: Foul Ball, location: 9LSF 1-1: SINGLE (Groundball, 56D, EV 96.3 MPH)
|
|
Batting: SHB José Rodríguez
|
0-0: Called Strike 0-1: Grounds into double play, 4-6-3 (Groundball, 4S, EV 89.4 MPH)
|
|
Batting: SHB Jose Herrera
|
0-0: Ball 1-0: Foul Ball, location: 7LMF 1-1: Ball 2-1: Ball 3-1: Base on Balls
|
|
Batting: RHB Yasiel Puig
|
0-0: Foul Ball, location: 3DF 0-1: Foul Ball, location: 9LSF 0-2: Foul Ball, location: 9LMF 0-2: Foul Ball, location: 9LDF 0-2: Ball 1-2: Foul Ball, location: 2F 1-2: Fielders Choice at 2nd, U6 (Groundball, 6M, EV 89.4 MPH)
|
| Bottom of the 2nd over - 0 runs, 1 hit, 0 errors, 1 left on base; Chicago 0 - Los Angeles 0 |
| TOP OF THE 3RD |
|
Chicago White Sox batting - Pitching for Los Angeles Dodgers : RHP Florentin Eliade
|
|
Batting: RHB Yeltsin Gudino
|
0-0: Ground out 5-3 (Groundball, 56, EV 83.8 MPH)
|
|
Batting: RHB Wes Stevens
|
0-0: Called Strike 0-1: Ground out 5-3 (Groundball, 56S, EV 66.9 MPH)
|
|
Batting: RHB Glen Wilkins
|
0-0: SINGLE (Groundball, 56D, EV 108.1 MPH)
|
|
Batting: LHB Jace Peterson
|
0-0: Ball 1-0: Foul Ball, location: 2F 1-1: Foul Ball, location: 2F 1-2: Ball 2-2: Strikes out swinging
|
| Top of the 3rd over - 0 runs, 1 hit, 0 errors, 1 left on base; Chicago 0 - Los Angeles 0 |
| BOTTOM OF THE 3RD |
|
Los Angeles Dodgers batting - Pitching for Chicago White Sox : RHP Chris Fletcher
|
|
Batting: RHB Josh Moore
|
0-0: Called Strike 0-1: Foul Ball, location: 2F 0-2: Ball 1-2: Ball 2-2: Strikes out looking
|
|
Batting: SHB Sergio Alcantara
|
0-0: Swinging Strike 0-1: Swinging Strike 0-2: Strikes out swinging
|
|
Batting: LHB Todd McDonald
|
0-0: Ball 1-0: Called Strike 1-1: Foul Ball, location: 3F 1-2: Ball 2-2: Fly out, F5 (Popup, 56S, EV 67.5 MPH)
|
| Bottom of the 3rd over - 0 runs, 0 hits, 0 errors, 0 left on base; Chicago 0 - Los Angeles 0 |
| TOP OF THE 4TH |
|
Chicago White Sox batting - Pitching for Los Angeles Dodgers : RHP Florentin Eliade
|
|
Batting: LHB António García
|
0-0: Swinging Strike 0-1: Ground out U3 (Groundball, 3, EV 85.6 MPH)
|
|
Batting: LHB Ji-man Choi
|
0-0: Foul Ball, location: 5DF 0-1: Foul Ball, location: 23FF 0-2: Ball 1-2: Foul Ball, location: 2F 1-2: Ball 2-2: Ball 3-2: Ground out 4-3 (Groundball, 4, EV 103.8 MPH)
|
|
Batting: RHB Byron Buxton
|
0-0: Ball 1-0: Foul Ball, location: 9LSF 1-1: Ball 2-1: Called Strike 2-2: Foul Ball, location: 2LF 2-2: Ball 3-2: Foul Ball, location: 5SF 3-2: Reached on error, E5 (Groundball, 56S, EV 82.5 MPH)
|
|
Batting: SHB Mike Hurt
|
0-0: Called Strike Byron Buxton steals 2nd base 0-1: Swinging Strike 0-2: Fly out, F6 (Popup, 6MS, EV 67.5 MPH)
|
| Top of the 4th over - 0 runs, 0 hits, 1 error, 1 left on base; Chicago 0 - Los Angeles 0 |
| BOTTOM OF THE 4TH |
|
Los Angeles Dodgers batting - Pitching for Chicago White Sox : RHP Chris Fletcher
|
|
Batting: RHB Dan Fletcher
|
0-0: Fly out, F8 (Flyball, 89M, EV 87.5 MPH)
|
|
Batting: LHB Juan Mendoza
|
0-0: Swinging Strike 0-1: SINGLE (Groundball, 34D, EV 110.6 MPH)
|
|
Batting: RHB Nick Castellanos
|
0-0: Ball 1-0: Foul Ball, location: 25FF 1-1: Swinging Strike 1-2: Strikes out swinging
|
|
Batting: SHB José Rodríguez
|
0-0: Foul Ball, location: 3DF 0-1: Foul Ball, location: 5SF 0-2: Ball 1-2: Ground out 4-3 (Groundball, 4, EV 105.6 MPH)
|
| Bottom of the 4th over - 0 runs, 1 hit, 0 errors, 1 left on base; Chicago 0 - Los Angeles 0 |
| TOP OF THE 5TH |
|
Chicago White Sox batting - Pitching for Los Angeles Dodgers : RHP Florentin Eliade
|
|
Batting: RHB Wendell Rijo
|
0-0: Called Strike 0-1: Swinging Strike 0-2: Foul Ball, location: 5F 0-2: Ball 1-2: Ball 2-2: Fly out, F3 (Popup, 3SF, EV 84.4 MPH)
|
|
Batting: RHB Yeltsin Gudino
|
0-0: Foul Ball, location: 9LMF 0-1: Foul Ball, location: 5FF 0-2: Ball 1-2: Foul Ball, location: 2F 1-2: Foul Ball, location: 5FF 1-2: Ball 2-2: Foul Ball, location: 2F 2-2: Ball 3-2: Foul Ball, location: 2F 3-2: Foul Ball, location: 3FF 3-2: Strikes out looking
|
|
Batting: RHB Wes Stevens
|
0-0: Ball 1-0: Ball 2-0: Called Strike 2-1: Swinging Strike 2-2: Fly out, F8 (Flyball, 78M, EV 91.3 MPH)
|
| Top of the 5th over - 0 runs, 0 hits, 0 errors, 0 left on base; Chicago 0 - Los Angeles 0 |
| BOTTOM OF THE 5TH |
|
Los Angeles Dodgers batting - Pitching for Chicago White Sox : RHP Chris Fletcher
|
|
Batting: SHB Jose Herrera
|
0-0: Called Strike 0-1: Ball 1-1: Ground out 3-1 (Groundball, 34, EV 90.0 MPH)
|
|
Batting: RHB Yasiel Puig
|
0-0: Ball 1-0: Ball 2-0: Ground out 5-3 (Groundball, 56S, EV 85.0 MPH)
|
|
Batting: RHB Josh Moore
|
0-0: Ball 1-0: Ball 2-0: Ball 3-0: Base on Balls
|
|
Batting: SHB Sergio Alcantara
|
0-0: Foul Ball, location: 7LDF 0-1: Ball 1-1: Ball 2-1: Ball 3-1: Base on Balls Josh Moore to second
|
|
Batting: LHB Todd McDonald
|
0-0: Ball 1-0: Called Strike 1-1: Fly out, F8 (Flyball, 8RD, EV 89.4 MPH)
|
| Bottom of the 5th over - 0 runs, 0 hits, 0 errors, 2 left on base; Chicago 0 - Los Angeles 0 |
| TOP OF THE 6TH |
|
Chicago White Sox batting - Pitching for Los Angeles Dodgers : RHP Florentin Eliade
|
|
Batting: RHB Glen Wilkins
|
0-0: Ball 1-0: Ball 2-0: Called Strike 2-1: Fly out, F9 (Flyball, 9, EV 93.8 MPH)
|
|
Batting: LHB Jace Peterson
|
0-0: Foul Ball, location: 7LDF 0-1: Ball 1-1: Ball 2-1: Called Strike 2-2: Ball 3-2: Base on Balls
|
|
Batting: LHB António García
|
0-0: Fly out, F8 (Flyball, 78M, EV 90.0 MPH)
|
|
Batting: LHB Ji-man Choi
|
0-0: Ball 1-0: Foul Ball, location: 2F 1-1: Ball Wild Pitch! Jace Peterson to second 2-1: Ground out 6-3 (Groundball, 6, EV 99.4 MPH)
|
| Top of the 6th over - 0 runs, 0 hits, 0 errors, 1 left on base; Chicago 0 - Los Angeles 0 |
| BOTTOM OF THE 6TH |
|
Los Angeles Dodgers batting - Pitching for Chicago White Sox : RHP Chris Fletcher
|
|
Batting: RHB Dan Fletcher
|
0-0: Ball 1-0: Ground out 4-3 (Groundball, 4, EV 101.3 MPH)
|
|
Batting: LHB Juan Mendoza
|
0-0: Foul Ball, location: 25FF 0-1: Ball 1-1: Ground out 4-3 (Groundball, 4, EV 86.9 MPH)
|
|
Batting: RHB Nick Castellanos
|
0-0: Ball 1-0: Called Strike 1-1: Ball 2-1: SINGLE (Groundball, 6MS, EV 66.9 MPH) (infield hit)
|
|
Batting: SHB José Rodríguez
|
0-0: Ball 1-0: Foul Ball, location: 25F 1-1: TRIPLE (Line Drive, 78XD, EV 110.0 MPH) Nick Castellanos scores
|
|
Batting: SHB Jose Herrera
|
0-0: Called Strike 0-1: Ball 1-1: DOUBLE (Line Drive, 9LM, EV 103.1 MPH) José Rodríguez scores
|
|
Batting: RHB Yasiel Puig
|
0-0: Swinging Strike 0-1: Swinging Strike 0-2: Ball 1-2: Strikes out swinging
|
| Bottom of the 6th over - 2 runs, 3 hits, 0 errors, 1 left on base; Chicago 0 - Los Angeles 2 |
| TOP OF THE 7TH |
|
Chicago White Sox batting - Pitching for Los Angeles Dodgers : RHP Florentin Eliade
|
|
Batting: RHB Byron Buxton
|
0-0: Called Strike 0-1: SINGLE (Groundball, 34D, EV 99.4 MPH)
|
|
Pitching: LHP Abel Jones
|
|
|
Batting: SHB Mike Hurt
|
0-0: Ball 1-0: Ball 2-0: Called Strike 2-1: Swinging Strike 2-2: Fly out, F4 (Popup, 4, EV 70.0 MPH)
|
|
Batting: RHB Wendell Rijo
|
0-0: Called Strike 0-1: Ball 1-1: Ball 2-1: Ball 3-1: Base on Balls Byron Buxton to second
|
|
Batting: RHB Yeltsin Gudino
|
0-0: Ball 1-0: Swinging Strike 1-1: Swinging Strike 1-2: Strikes out swinging
|
|
Batting: RHB Wes Stevens
|
0-0: Swinging Strike 0-1: Called Strike 0-2: Ball 1-2: Strikes out swinging
|
| Top of the 7th over - 0 runs, 1 hit, 0 errors, 2 left on base; Chicago 0 - Los Angeles 2 |
| BOTTOM OF THE 7TH |
|
Los Angeles Dodgers batting - Pitching for Chicago White Sox : RHP Chris Fletcher
|
|
Batting: RHB Josh Moore
|
0-0: Foul Ball, location: 2F 0-1: Swinging Strike 0-2: Ground out 6-3 (Groundball, 6, EV 78.8 MPH)
|
|
Batting: SHB Sergio Alcantara
|
0-0: Foul Ball, location: 23F 0-1: Ball 1-1: Swinging Strike 1-2: Ball 2-2: Foul Ball, location: 7LMFF 2-2: Ground out 6-3 (Groundball, 56D, EV 77.5 MPH)
|
|
Batting: LHB Todd McDonald
|
0-0: Called Strike 0-1: Called Strike 0-2: Ball 1-2: Ball 2-2: Strikes out looking
|
| Bottom of the 7th over - 0 runs, 0 hits, 0 errors, 0 left on base; Chicago 0 - Los Angeles 2 |
| TOP OF THE 8TH |
|
Chicago White Sox batting - Pitching for Los Angeles Dodgers : LHP Abel Jones
|
|
Batting: RHB Glen Wilkins
|
0-0: Foul Ball, location: 25F 0-1: Swinging Strike 0-2: Strikes out swinging
|
|
Pinch Hitting: RHB Tanzan Ine
|
0-0: Ball 1-0: Ball 2-0: SOLO HOME RUN (Flyball, 89XD, EV 102.5 MPH), Distance : 401 ft
|
|
Batting: LHB António García
|
0-0: Swinging Strike 0-1: Fly out, F7 (Flyball, 78D, EV 96.3 MPH)
|
|
Batting: LHB Ji-man Choi
|
0-0: Ball 1-0: Called Strike 1-1: Foul Ball, location: 9LMF 1-2: Foul Ball, location: 2RF 1-2: SINGLE (Line Drive, 89S, EV 98.1 MPH)
|
|
Batting: RHB Byron Buxton
|
0-0: Ball 1-0: Called Strike 1-1: Fielders Choice at 2nd, 5-4 (Groundball, 5, EV 89.4 MPH)
|
| Top of the 8th over - 1 run, 2 hits, 0 errors, 1 left on base; Chicago 1 - Los Angeles 2 |
| BOTTOM OF THE 8TH |
|
Los Angeles Dodgers batting - Pitching for Chicago White Sox : RHP Chris Fletcher
|
|
Pitching: RHP Jesús Martínez
|
|
|
Now at 2B: Tanzan Ine
|
|
|
Batting: RHB Dan Fletcher
|
0-0: Called Strike 0-1: Ball 1-1: Called Strike 1-2: Foul Ball, location: 9LMF 1-2: SINGLE (Groundball, 6MD, EV 104.4 MPH)
|
|
Batting: LHB Juan Mendoza
|
0-0: Ball 1-0: Ball Wild Pitch! Dan Fletcher to second 2-0: Intentional Walk
|
|
Batting: RHB Nick Castellanos
|
0-0: Called Strike 0-1: Ball 1-1: Swinging Strike 1-2: Grounds into double play, 1-4-3 (Groundball, 15, EV 67.5 MPH) Dan Fletcher to third
|
|
Batting: SHB José Rodríguez
|
0-0: Ball 1-0: Ball 2-0: Called Strike 2-1: Ground out U3 (Groundball, 3, EV 107.5 MPH)
|
| Bottom of the 8th over - 0 runs, 1 hit, 0 errors, 1 left on base; Chicago 1 - Los Angeles 2 |
| TOP OF THE 9TH |
|
Chicago White Sox batting - Pitching for Los Angeles Dodgers : LHP Abel Jones
|
|
Pitching: LHP Paco Rodriguez
|
|
|
Now in LF: José Rodríguez
|
|
|
Now in CF: Dan Noble
|
|
|
Batting: SHB Mike Hurt
|
0-0: Foul Ball, location: 5FF 0-1: Swinging Strike 0-2: Ball 1-2: Ball 2-2: Ball 3-2: Base on Balls
|
|
Batting: RHB Wendell Rijo
|
0-0: Called Strike 0-1: Foul Ball, location: 2F 0-2: Ball 1-2: Foul Ball, location: 2F 1-2: Ball 2-2: Foul Ball, location: 2F 2-2: Grounds into double play, U6-3 (Groundball, 4M, EV 98.1 MPH)
|
|
Batting: RHB Yeltsin Gudino
|
0-0: Ball 1-0: Ball 2-0: Foul Ball, location: 3SF 2-1: Foul Ball, location: 3DF 2-2: Ball 3-2: Strikes out swinging
|
| Top of the 9th over - 0 runs, 0 hits, 0 errors, 0 left on base; Chicago 1 - Los Angeles 2 |
|